 Dungeon Crawl Stone Soup version 0.24.0-29-g8ce449bc06 (webtiles) character file.

Game seed: 4767713304605099899, levelgen mode: deterministic

4768 Kobolds4U the Carver (level 10, -5/83 HPs)
             Began as a Demonspawn Berserker on Nov 16, 2019.
             Was a High Priest of Trog.
             Killed from afar by a yak (31 damage)
             ... with an exploding inner flame
             ... hexed by the player character
             ... on level 10 of the Dungeon.
             The game lasted 00:20:26 (8448 turns).

Kobolds4U the Carver (Demonspawn Berserker)         Turns: 8448, Time: 00:20:26

Health: -5/83      AC: 14    Str: 13    XL:     10   Next: 23%
Magic:  10/10      EV:  9    Int: 15    God:    Trog [*****.]
Gold:   110        SH:  0    Dex: 20    Spells: 9/9 levels left

rFire    . . .     SeeInvis .   F - +4 falchion (elec)
rCold    . . .     Gourm    +   (no shield)
rNeg     + + .     Faith    .   b - +0 chain mail of the Stallion {rN+ MR+ Regen+ Dex+3}
rPois    .         Spirit   .   q - +3 helmet of Lies {rN+ Str-2 Int+6 Dex+2}
rElec    .         Reflect  .   s - +0 cloak
rCorr    .         Harm     .   i - +0 pair of gloves
MR       +....                  (boots unavailable)
Stlth    ..........             o - amulet of the gourmand
HPRegen  0.63/turn              g - -3 ring of strength
MPRegen  0.12/turn              (no ring)

@: no status effects
A: hooves 3, demonic guardian 1, foul stench 1, rot immunity, sturdy frame 2
a: Berserk, Trog's Hand, Brothers in Arms, Renounce Religion


You were on level 10 of the Dungeon.
You worshipped Trog.
Trog was extremely pleased with you.
You were hungry.

You visited 1 branch of the dungeon, and saw 10 of its levels.
You also visited: Ossuary.

You collected 607 gold pieces.
You spent 497 gold pieces at shops.

Inventory:

Hand Weapons
 a - a +1 falchion
 C - a +6 dagger
 F - a +4 falchion of electrocution (weapon)
Armour
 b - the +0 chain mail of the Stallion (worn) {rN+ MR+ Regen+ Dex+3}
   (You found it on level 7 of the Dungeon)

   It affects your dexterity (+3).
   It protects you from negative energy.
   It affects your resistance to hostile enchantments.
   It increases your rate of regeneration.
 i - a +0 pair of gloves (worn)
 j - a +0 plate armour
 q - the +3 helmet of Lies (worn) {rN+ Str-2 Int+6 Dex+2}
   (You bought it in a shop on level 6 of the Dungeon)

   It affects your strength (-2).
   It affects your intelligence (+6).
   It affects your dexterity (+2).
   It protects you from negative energy.
 s - a +0 cloak (worn)
 H - a +1 hat
Jewellery
 g - a -3 ring of strength (left hand)
 o - an amulet of the gourmand (around neck)
Wands
 l - a wand of flame (13)
 B - a wand of random effects (24)
Scrolls
 f - 3 scrolls of identify
 r - 7 scrolls of teleportation
 v - a scroll of blinking
 x - a scroll of fear
 y - a scroll of enchant armour {unknown}
 A - a scroll of magic mapping {unknown}
 E - a scroll of summoning {unknown}
Potions
 d - 3 potions of heal wounds
 e - 2 potions of lignification
 h - 3 potions of ambrosia
 k - a potion of magic {unknown}
 m - 3 potions of curing
 n - 2 potions of berserk rage
 u - a potion of brilliance
 z - 2 potions of haste
 D - 3 potions of flight {unknown}
 G - a potion of might
Comestibles
 c - 13 rations


   Skills:
 + Level 9.0 Fighting
 + Level 11.6 Long Blades
 - Level 1.7 Armour
 - Level 1.7 Dodging


You had 9 spell levels left.
You didn't know any spells.
Your spell library was empty.

Dungeon Overview and Level Annotations

Branches:
Dungeon (9/15)             Temple (0/1) D:5            Lair (0/6) D:8
Ossuary (visited)
    Orc: D:9-12

Altars:
Gozag
Okawaru
Sif Muna

Shops:
D:6 ((}?[

Annotations:
D:4 1 runed translucent door
D:8 3 runed translucent doors, Sondor's ghost, novice DsAK


Innate Abilities, Weirdness & Mutations

You have hooves in place of feet.
A weak demonic guardian rushes to your aid.
You may emit foul miasma when damaged in melee.
You are immune to rotting.
Your movements are less encumbered by armour. (ER -4)


Message History

a +0 shortbow; 16 arrows; a scroll of random uselessness; a centaur corpse You hit the centaur.
You kick the centaur, but do no damage.
The centaur is lightly wounded.
The centaur unwields a +0 shortbow.
The centaur barely misses you.
You riposte.
You slash the centaur! Your kick misses the centaur.
The centaur is heavily wounded.
Your chain mail of the Stallion prevents you from hitting the centaur.
You kick the centaur, but do no damage.
The centaur is heavily wounded.
The centaur hits you but does no damage.
You slash the centaur! Lightning courses through the centaur!!
The centaur explodes!
The fiery explosion engulfs you!!
The fiery explosion engulfs the yak!!
The yak is heavily wounded.
Trog accepts your kill.
You are engulfed in blazing flames.
The yak is engulfed in blazing flames.
You slash the yak! Lightning courses through the yak!
The yak explodes!
The fiery explosion engulfs you!!
You die...

.# .# ## .. ...
.### ....
...#######..#.
##.#.##.........
#..#.##.......#.
#@##.##.........
#§##.##Y........
#.##§##.##Yo...#.##
#.(..)(((c######
####.####†# #.# #.#
#.# ... #.# #.#.
#.. ..#.#


There were no monsters in sight!

Vanquished Creatures
  Pikel (D:7)
  A hippogriff (D:7)
  2 yaks (D:10)
  2 hungry ghosts (D:9)
  Menkaure (D:7)
  2 porcupines (D:8)
  A phantom (D:9)
  2 ice beasts
  2 sky beasts (D:6)
  A hornet zombie (D:9)
  2 necrophages
  A black bear (D:8)
  2 ogres
  An orc warrior (D:8)
  5 centaurs
  2 bullfrogs
  A wyvern zombie (D:7)
  A scorpion (D:8)
  4 wights (D:7)
  6 killer bees (D:7)
  3 crimson imps
  A centaur zombie (D:8)
  2 hounds
  2 orc priests (D:7)
  2 jellies (D:7)
  A bullfrog skeleton (D:6)
  An iguana (D:8)
  An orc wizard (D:8)
  4 worker ants
  A killer bee zombie (D:10)
  2 hound skeletons (D:5)
  8 mummies (Ossuary)
  2 gnolls (D:6)
  6 adders
  3 shadow imps
  An ooze (D:2)
  2 adder zombies (D:5)
  An adder skeleton (D:7)
  3 worms
  2 dart slugs
  4 leopard geckos
  12 orcs
  3 bats
  A giant cockroach (D:1)
  A gnoll zombie (Ossuary)
  6 goblins
  2 hobgoblins (D:2)
  7 jackals
  4 kobolds
  4 quokkas
  2 ball pythons
  A frilled lizard (D:3)
  4 hobgoblin zombies (Ossuary)
  A jackal skeleton (D:6)
  A kobold zombie (Ossuary)
  2 leopard gecko zombies (D:5)
  2 orc zombies (Ossuary)
  5 rats
150 creatures vanquished.

Vanquished Creatures (collateral kills)
  Prince Ribbit (D:8)
  A yak (D:10)
  A porcupine (D:8)
  2 ogres
  A bullfrog (D:10)
  A howler monkey (D:5)
  A hound (D:6)
  An iguana (D:5)
  A worker ant (D:9)
  A killer bee zombie (D:6)
  2 gnolls (D:6)
  2 jackals (D:6)
15 creatures vanquished.

Vanquished Creatures (others)
  An orc (D:8)
1 creature vanquished.

Grand Total: 166 creatures vanquished

Notes
Turn   | Place    | Note
-------+----------+-------------------------------------------
     0 | D:1      | Kobolds4U the Demonspawn Berserker began the quest for the
                  | Orb.
     0 | D:1      | Reached XP level 1. HP: 18/18 MP: 1/1
   249 | D:1      | Reached skill level 3 in Long Blades
   726 | D:1      | Gained mutation: You have large cloven feet. [demonic
                  | ancestry]
   726 | D:1      | Reached XP level 2. HP: 24/24 MP: 2/2
   795 | D:2      | Found an opulent altar of Gozag.
  1450 | D:2      | Gained mutation: You have hoof-like feet. [demonic
                  | ancestry]
  1450 | D:2      | Reached XP level 3. HP: 29/29 MP: 3/3
  1520 | D:2      | Reached skill level 4 in Long Blades
  1547 | D:2      | Found an iron altar of Okawaru.
  1762 | D:2      | You fall into a shaft and drop 2 floors!
  1842 | D:4      | Found a runed translucent gate.
  1856 | D:3      | Reached ** piety under Trog
  2311 | D:3      | Noticed an ice beast
  2332 | D:3      | Killed an ice beast
  2332 | D:3      | Reached skill level 5 in Long Blades
  2332 | D:3      | Reached XP level 4. HP: 16/35 MP: 4/4
  2332 | D:3      | Gained mutation: You have hooves in place of feet. [demonic
                  | ancestry]
  2332 | D:3      | Reached XP level 5. HP: 19/41 MP: 5/5
  2788 | D:3      | You fall into a shaft and drop 2 floors!
  2788 | D:5      | Entered Level 5 of the Dungeon
  2941 | D:4      | Found a shimmering blue altar of Sif Muna.
  3073 | D:5      | Reached skill level 6 in Long Blades
  3302 | D:5      | Noticed an ogre
  3307 | D:5      | Killed an ogre
  3307 | D:5      | Gained mutation: A weak demonic guardian rushes to your
                  | aid. [demonic ancestry]
  3307 | D:5      | Reached XP level 6. HP: 47/47 MP: 6/6
  3422 | D:5      | Reached skill level 7 in Long Blades
  3558 | D:5      | Found a staircase to the Ecumenical Temple.
  3811 | D:5      | Noticed an ice beast
  3818 | D:5      | Killed an ice beast
  3818 | D:5      | Gained mutation: You are immune to rotting. [demonic
                  | ancestry]
  3818 | D:5      | Reached XP level 7. HP: 40/52 MP: 7/7
  4653 | D:6      | Reached skill level 8 in Long Blades
  4881 | D:6      | Found Bueput's Antique Weapon Shoppe.
  5044 | D:6      | Found Koemm's Antique Armour Emporium.
  5048 | D:6      | Bought a crude helmet for 228 gold pieces
  5058 | D:6      | Identified the +3 helmet of Lies {rN+ Str-2 Int+6 Dex+2}
                  | (You bought it in a shop on level 6 of the Dungeon)
  5078 | D:6      | Reached skill level 9 in Long Blades
  5078 | D:6      | Gained mutation: Your movements are slightly less
                  | encumbered by armour. (ER -2) [demonic ancestry]
  5078 | D:6      | Reached XP level 8. HP: 8/58 MP: 8/8
  5349 | D:6      | Found Udakunupn's Magic Scroll Shoppe.
  5356 | D:6      | Found Virunt's Gadget Emporium.
  5590 | D:6      | Found Tiabri's Weapon Shoppe.
  6316 | D:7      | Got an ancient chain mail
  6327 | D:7      | Identified the cursed +0 chain mail of the Stallion {rN+
                  | MR+ Regen+ Dex+3} (You found it on level 7 of the Dungeon)
  6334 | D:7      | Noticed a hippogriff
  6341 | D:7      | Killed a hippogriff
  6341 | D:7      | Reached *** piety under Trog
  6432 | D:7      | Noticed Menkaure
  6438 | D:7      | Killed Menkaure
  6438 | D:7      | Reached skill level 5 in Fighting
  6479 | D:7      | Found a sand-covered staircase.
  6504 | Ossuary  | Entered an ossuary
  6797 | D:7      | Reached skill level 10 in Long Blades
  6892 | D:7      | Gained mutation: You may emit foul miasma when damaged in
                  | melee. [demonic ancestry]
  6892 | D:7      | Reached XP level 9. HP: 68/69 MP: 9/9
  6926 | D:7      | Reached **** piety under Trog
  7269 | D:8      | Noticed Pikel
  7295 | D:7      | Killed Pikel
  7321 | D:8      | Noticed Prince Ribbit
  7331 | D:8      | Killed Prince Ribbit
  7522 | D:6      | Bought a +3 falchion of electrocution for 269 gold pieces
  7576 | D:8      | Found a runed translucent gate.
  7576 | D:8      | Found a runed translucent gate.
  7576 | D:8      | Found a runed translucent gate.
  7576 | D:8      | Noticed Sondor's ghost (novice DsAK)
  7775 | D:8      | Reached skill level 11 in Long Blades
  7824 | D:8      | Found a staircase to the Lair.
  8215 | D:9      | Gained mutation: Your movements are less encumbered by
                  | armour. (ER -4) [demonic ancestry]
  8215 | D:9      | Reached XP level 10. HP: 82/82 MP: 10/10
  8402 | D:9      | You fall into a shaft and drop 1 floor!
  8402 | D:10     | Entered Level 10 of the Dungeon
  8415 | D:10     | Reached ***** piety under Trog
  8448 | D:10     | Killed from afar by a yak

Levels and vault maps discovered:
D:1:      dpeg_arrival_erosion, layout_loops_ring, feat_on_display
D:2:      layout_basic, okawaru_trees_1, grunt_gozag_statues
D:3:      layout_loops_ring
D:4:      layout_basic, nicolae_qazlal_general_emergency,
          gammafunk_temple_overflow_wave, nicolae_overflow_hidden_temple,
          ebering_ghost_rock_garden, uniq_eustachio
D:5:      layout_loops_corners, temple_hall, first_ration
D:6:      layout_basic, serial_shops, shop, shop_fountains, shop, shop, shop
D:7:      layout_basic, nicolae_ossuary_entry_monument, uniq_menkaure
D:8:      layout_gridville, grunt_lair_entry_orc_guard_hut,
          gammafunk_ghost_spectres, uniq_pikel, uniq_prince_ribbit1
D:9:      layout_long_grid
D:10:     layout_loops_cross, the_bakery

Skill      XL: |  1  2  3  4  5  6  7  8  9 10 |
---------------+-------------------------------+-----
Long Blades    | 3 5 6 7 9 10 11 | 11.6
Fighting       | 5 8 9 |  9.0
Armour         | |  1.7
Dodging        | |  1.7

Action                   |  1- 3 |  4- 6 |  7- 9 | 10-12 || total
-------------------------+-------+-------+-------+-------++-------
Melee: Falchion          |   119 |   141 |   344 |    37 ||   641
       Kick              |    29 |    34 |   131 |    17 ||   211
Invok: Trog's Hand       |     1 |     1 |     2 |       ||     4
       Berserk           |       |     1 |     1 |       ||     2
  Use: Scroll            |     1 |     7 |     8 |     3 ||    19
 Stab: Distracted        |       |     1 |       |       ||     1
  Eat: Chunk             |     9 |    13 |    19 |       ||    41
Armor: Animal skin       |     6 |       |       |       ||     6
       Plate armour      |    61 |    88 |    71 |       ||   220
       Chain mail        |       |       |   144 |    20 ||   164
Dodge: Dodged            |    40 |    32 |   124 |    17 ||   213
       Rpst.: Falchion   |    10 |    10 |    36 |     5 ||    61
